 Dungeon Crawl Stone Soup version 0.30-a0-6-g7c9e10e132 (webtiles) character file.

Game seed: 4313037585458125855

569799 rubashov the Unseen (level 25, 139/139 HPs)
             Began as a Spriggan Enchanter on Aug 15, 2022.
             Was the Champion of Dithmenos.
             Quit the game on level 1 of the Crypt on Aug 22, 2022.
             The game lasted 09:29:49 (96467 turns).

rubashov the Unseen (Spriggan Enchanter)           Turns: 96467, Time: 09:29:50

Health: 139/139    AC:  8    Str:  3    XL:     25   Next: 4%
Magic:  43/43      EV: 40    Int: 43    God:    Dithmenos [******]
Gold:   1872       SH: 12    Dex: 27    Spells: 1/54 levels left

rFire   + . .      SeeInvis +    l - +12 short sword of the Present {elec, Will+ Str+2 Dex+2}
rCold   + + .      Faith    +    M - +2 buckler "Aqax" {rF+ rC+}
rNeg    . . .      Spirit   .    Q - +3 robe of Watchfulness {rPois Int+7}
rPois   +          Reflect  .    L - +2 hood of the Assassin {Detection Stab+ Stlth++}
rElec   +          Harm     .    B - +1 cloak {rCorr}
rCorr   +          Rampage  .    (gloves unavailable)
Will    +++++                    (boots unavailable) Stlth **********
                                 E - amulet of Uqumok {Faith Dex+7}
HPRegen 0.33/turn                a - ring "Emanauh" {rPois rC+ Str-5 Int+10 SInv}
MPRegen 0.28/turn                y - ring "Goheji" {+Blink Fly rElec Str+2}

@: flying, wreathed by umbra, studying 2 skills, very quick
A: very small, no large weapons, unfitting armour, see invisible, speed 3,
hooves 1, deformed body
}: 4/15 runes: decaying, serpentine, silver, abyssal
a: Renounce Religion, Evoke Blink, Shadow Step, Shadow Form


You were on level 1 of the Crypt.
You worshipped Dithmenos.
Dithmenos was exalted by your worship.
You visited 10 branches of the dungeon, and saw 44 of its levels.
You visited the Abyss 1 time.
You visited 2 bazaars.
You also visited: Trove, Gauntlet, Ice Cave and Desolation.

You collected 7496 gold pieces.
You spent 5624 gold pieces at shops.

Inventory:

Hand Weapons
 l - the +12 short sword of the Present (weapon) {elec, Will+ Str+2 Dex+2}
   (You took it off a deep elf pyromancer on level 3 of the Elven Halls)

   It occasionally discharges a powerful burst of electricity upon striking a
   foe.
   Str:       It affects your strength (+2).
   Dex:       It affects your dexterity (+2).
   Will:      It increases your willpower.
 t - the +8 dagger "Ceasi" {vorpal, Str+7}
   (You found it on level 5 of the Vaults)

   It inflicts extra damage upon your enemies.
   Str:       It affects your strength (+7).
Missiles
 d - 202 stones (quivered)
Armour
 o - the +1 buckler of Ufaaciro {Regen+ rCorr Str+4 Dex+3}
   (You found it on level 4 of the Vaults)

   Str:       It affects your strength (+4).
   Dex:       It affects your dexterity (+3).
   Regen:     It increases your rate of health regeneration.
   rCorr:     It protects you from acid and corrosion.
 B - a +1 cloak of preservation (worn)
 L - the +2 hood of the Assassin (worn) {Detection Stab+ Stlth++}
   (You found it on level 1 of the Vaults)

   It allows the wearer to sense nearby creatures.
   It allows the wearer to make particularly effective stabbing attacks against
   helpless or unaware enemies with any weapon.
   Stlth:     It makes you much more stealthy.
 M - the +2 buckler "Aqax" (worn) {rF+ rC+}
   (You acquired it on level 2 of the Vaults)

   rF:        It protects you from fire.
   rC:        It protects you from cold.
 Q - the +3 robe of Watchfulness (worn) {rPois Int+7}
   (You took it off a deep elf demonologist on level 3 of the Elven Halls)

   Int:       It affects your intelligence (+7).
   rPois:     It protects you from poison.
Jewellery
 a - the ring "Emanauh" (left hand) {rPois rC+ Str-5 Int+10 SInv}
   (You took it off a deep elf sorcerer on level 3 of the Elven Halls)

   [ring of protection from cold]

   Str:       It affects your strength (-5).
   Int:       It affects your intelligence (+10).
   rC:        It protects you from cold.
   rPois:     It protects you from poison.
   SInv:      It lets you see invisible.
 f - the amulet "Kuicoep" {Spirit rElec Str+7 Dex+4}
   (You acquired it on level 2 of the Depths)

   [amulet of guardian spirit]

   It causes incoming damage to be divided between your reserves of health and
   magic.
   Str:       It affects your strength (+7).
   Dex:       It affects your dexterity (+4).
   rElec:     It insulates you from electricity.
 k - the ring of Division {rPois rCorr Str+6 Stlth+}
   (You bought it in a shop in a bazaar)

   [ring of strength]

   Str:       It affects your strength (+6).
   rPois:     It protects you from poison.
   rCorr:     It protects you from acid and corrosion.
   Stlth:     It makes you more stealthy.
 y - the ring "Goheji" (right hand) {+Blink Fly rElec Str+2}
   (You bought it in a shop on level 2 of the Orcish Mines)

   [ring of flight]

   Str:       It affects your strength (+2).
   rElec:     It insulates you from electricity.
   Fly:       It grants you flight.
   +Blink:    It lets you blink.
 C - the ring of Vanity {rF++ rC+ Will- Dex+7}
   (You bought it in a shop on level 2 of the Elven Halls)

   [ring of protection from cold]

   Dex:       It affects your dexterity (+7).
   rF:        It greatly protects you from fire.
   rC:        It protects you from cold.
   Will:      It decreases your willpower.
 E - the amulet of Uqumok (around neck) {Faith Dex+7}
   (You acquired it on level 1 of the Swamp)

   [amulet of faith]

   It allows you to gain divine favour quickly.
   Dex:       It affects your dexterity (+7).
 O - the ring of Dankoag {+Blink rPois Int+6 Dex+5 Slay-3}
   (You found it in the Desolation of Salt)

   [ring of intelligence]

   Int:       It affects your intelligence (+6).
   Dex:       It affects your dexterity (+5).
   Slay:      It affects your accuracy & damage with ranged weapons and melee
   (-3).
   rPois:     It protects you from poison.
   +Blink:    It lets you blink.
 P - the ring of the Barnacled Apricot {rF+ rC- Int-3 Dex+7 Stlth+}
   (You found it in the Desolation of Salt)

   [ring of protection from fire]

   Int:       It affects your intelligence (-3).
   Dex:       It affects your dexterity (+7).
   rF:        It protects you from fire.
   rC:        It makes you vulnerable to cold.
   Stlth:     It makes you more stealthy.
 R - the ring of Toxiusuim {rElec rC- MP+9 Dex+2 SInv}
   (You found it in the Desolation of Salt)

   [ring of magical power]

   Dex:       It affects your dexterity (+2).
   rC:        It makes you vulnerable to cold.
   rElec:     It insulates you from electricity.
   MP:        It affects your magic capacity (+9).
   SInv:      It lets you see invisible.
 W - the ring of the Ancient Nightmares {*Corrode Fly rF+ rN+ Str+4}
   (You bought it in a shop on level 4 of the Snake Pit)

   [ring of flight]

   Str:       It affects your strength (+4).
   rF:        It protects you from fire.
   rN:        It protects you from negative energy.
   Fly:       It grants you flight.
   *Corrode:  It may corrode you when you take damage.
 X - the ring "Deopleor" {rC+ MP+9 Str+5}
   (You took it off an ironbound preserver on level 5 of the Vaults)

   [ring of magical power]

   Str:       It affects your strength (+5).
   rC:        It protects you from cold.
   MP:        It affects your magic capacity (+9).
Wands
 i - a wand of digging (4)
 m - a wand of acid (5)
 F - a wand of paralysis (45)
 I - a wand of polymorph (17)
 V - a wand of roots (4)
Scrolls
 h - 5 scrolls of summoning
 j - 23 scrolls of teleportation
 q - 6 scrolls of amnesia
 s - a scroll of vulnerability
 v - 9 scrolls of blinking
 A - 33 scrolls of identify
 G - 14 scrolls of enchant weapon
 H - 8 scrolls of fear
 J - a scroll of brand weapon
 K - 6 scrolls of butterflies
 N - 7 scrolls of enchant armour
 T - 4 scrolls of magic mapping
 U - a scroll of silence
Potions
 b - 13 potions of heal wounds
 c - 3 potions of berserk rage
 e - 3 potions of ambrosia
 g - 27 potions of curing
 n - 10 potions of haste
 p - 2 potions of cancellation
 r - 7 potions of mutation
 u - 10 potions of lignification
 x - 3 potions of magic
 z - 12 potions of resistance
 D - 2 potions of might
 S - 6 potions of brilliance
Miscellaneous
 w - a phantom mirror


   Skills:
 * Level 16.7 Fighting
 - Level 12.0 Short Blades
 - Level 1.2 Maces & Flails
 - Level 6.0 Armour
 * Level 19.5 Dodging
 * Level 20.3 Stealth
 - Level 8.0 Shields
 - Level 15.0 Spellcasting
 - Level 12.0 Conjurations
 - Level 20.0 Hexes
 - Level 11.0 Summonings
 - Level 2.0 Translocations
 - Level 2.0 Ice Magic
 - Level 8.0 Air Magic
 - Level 10.0 Earth Magic
 - Level 14.0 Invocations
 - Level 10.0 Evocations


You had one spell level left.
You knew the following spells:

 Your Spells              Type           Power      Damage    Failure   Level
a - Spellforged Servitor  Conj/Summ      46%        N/A       11%         7
b - Confusing Touch       Hex            100%       N/A       0%          3
c - Enfeeble              Hex            58%        N/A       1%          7
e - Summon Lightning Spi  Summ/Air       85%        N/A       1%          4
f - Airstrike             Air            39%        2d(6-22)  1%          4
g - Summon Mana Viper     Hex/Summ       100%       N/A       1%          5
h - Silence               Hex/Air        50%        N/A       1%          5
i - Apportation           Tloc           98%        N/A       1%          1
j - Discord               Hex            58%        N/A       2%          8
k - Dazzling Flash        Conj/Hex       100%       N/A       0%          3
l - Iron Shot             Conj/Erth      45%        9d9       2%          6

Your spell library contained the following spells:

 Spells                   Type           Power      Damage    Failure   Level
 Magic Dart               Conj           100%       1d8       0%          1
 Summon Small Mammal      Summ           100%       N/A       0%          1
 Beastly Appendage        Tmut           64%        N/A       1%          1
 Foxfire                  Conj/Fire      100%       2x1d9     1%          1
 Necrotise                Necr           100%       1d9       1%          1
 Sandblast                Erth           100%       2d20      1%          1
 Shock                    Conj/Air       100%       1d9       1%          1
 Sting                    Tmut/Pois      100%       1d8       1%          1
 Searing Ray              Conj           100%       2d8       0%          2
 Summon Guardian Golem    Hex/Summ       100%       N/A       0%          3
 Tukima's Dance           Hex            100%       N/A       0%          3
 Cause Fear               Hex            58%        N/A       0%          4
 Ensorcelled Hibernation  Hex/Ice        100%       N/A       1%          2
 Passwall                 Tmut/Erth      55%        N/A       1%          2
 Poisonous Vapours        Pois/Air       100%       N/A       1%          2
 Call Canine Familiar     Summ           91%        N/A       1%          3
 Conjure Flame            Conj/Fire      71%        6-21      1%          3
 Frozen Ramparts          Ice            98%        1d15      1%          3
 Gell's Gravitas          Tloc           49%        N/A       1%          3
 Inner Flame              Hex/Fire       87%        N/A       1%          3
 Lesser Beckoning         Tloc           49%        N/A       1%          3
 Mephitic Cloud           Conj/Pois/Air  74%        N/A       1%          3
 Ozocubu's Armour         Ice            49%        N/A       1%          3
 Portal Projectile        Hex/Tloc       100%       N/A       1%          3
 Stone Arrow              Conj/Erth      100%       3d13      1%          3
 Swiftness                Air            79%        N/A       1%          3
 Teleport Other           Tloc           49%        N/A       1%          3
 Anguish                  Hex/Necr       43%        N/A       1%          4
 Animate Armour           Summ/Erth      100%       N/A       1%          4
 Flame Wave               Conj/Fire      71%        2d16      1%          4
 Fulminant Prism          Conj/Hex       53%        3d23      1%          4
 Hailstorm                Conj/Ice       75%        3d15      1%          4
 Iskenderun's Mystic Bla  Conj/Tloc      75%        2d15      1%          4
 Leda's Liquefaction      Hex/Erth       51%        N/A       1%          4
 Petrify                  Tmut/Erth      66%        N/A       1%          4
 Sticky Flame             Conj/Fire      71%        2d8       1%          4
 Summon Ice Beast         Ice/Summ       73%        N/A       1%          4
 Iskenderun's Battlesphe  Conj           94%        2d14      1%          5
 Lee's Rapid Deconstruct  Erth           43%        3d22*     1%          5
 Lightning Bolt           Conj/Air       43%        1d63      1%          5
 Metabolic Englaciation   Hex/Ice        45%        N/A       1%          5
 Yara's Violent Unravell  Hex/Tmut       43%        3d17      1%          5
 Scorch                   Fire           64%        2d8       2%          2
 Sublimation of Blood     Necr           32%        N/A       2%          2
 Wereblood                Tmut           32%        N/A       2%          2
 Summon Forest            Summ/Tloc      36%        N/A       2%          5
 Summon Cactus Giant      Summ           45%        N/A       2%          6
 Fireball                 Conj/Fire      35%        3d15      3%          5
 Irradiate                Conj/Tmut      35%        3d23      3%          5
 Conjure Ball Lightning   Conj/Air       43%        3x3d15    3%          6
 Ignite Poison            Fire/Tmut/Pois 32%        N/A       4%          3
 Spider Form              Tmut/Pois      32%        N/A       4%          3
 Vampiric Draining        Necr           32%        2d8       4%          3
 Corpse Rot               Necr/Pois/Air  53%        N/A       4%          4
 Borgnjor's Vile Clutch   Necr/Erth      33%        N/A       5%          5
 Passage of Golubria      Tloc           49%        N/A       6%          4
 Ice Form                 Ice/Tmut       40%        N/A       10%         4
 Olgreb's Toxic Radiance  Pois           32%        N/A       14%         4
 Starburst                Conj/Fire      35%        6d10      19%         6
 Statue Form              Tmut/Erth      44%        N/A       28%         6
 Agony                    Necr           32%        N/A       38%         5
 Alistair's Intoxication  Tmut/Pois      21%        N/A       38%         5
 Blade Hands              Tmut           16%        N/A       38%         5
 Malign Gateway           Summ/Tloc      36%        N/A       65%         7
 Lehudib's Crystal Spear  Conj/Erth      45%        10d11     71%         8
 Summon Horrible Things   Summ           45%        N/A       71%         8
 Haunt                    Necr/Summ      34%        N/A       78%         7
 Simulacrum               Ice/Necr       20%        N/A       83%         6
 Eringya's Noxious Bog    Tmut/Pois      16%        N/A       92%         6
 Storm Form               Tmut/Air       30%        N/A       94%         7
 Maxwell's Capacitive Co  Air            39%        ∞         98%         8
 Dragon Form              Tmut           16%        N/A       100%        7
 Borgnjor's Revivificati  Necr           16%        N/A       100%        8
 Disjunction              Tloc           24%        N/A       100%        8
 Necromutation            Tmut/Necr      16%        N/A       100%        8
 Chain Lightning          Conj/Air       43%        3d58      100%        9
 Death's Door             Necr           16%        N/A       100%        9
 Dragon's Call            Summ           45%        N/A       100%        9
 Fire Storm               Conj/Fire      35%        8d9       100%        9
 Shatter                  Erth           43%        3d34*     100%        9


Dungeon Overview and Level Annotations

Branches:
Dungeon (15/15)            Temple (1/1) D:6            Lair (5/5) D:10
  Swamp (4/4) Lair:2        Snake (4/4) Lair:3        Slime (0/5) Lair:4
    Orc (2/2) D:9             Elf (3/3) Orc:2        Vaults (5/5) D:13
  Crypt (1/3) Vaults:2     Depths (4/4) D:15            Zot (0/5) Depths:4
  IceCv (visited)         Desolation (visited)      Gauntlet (visited)

Altars:
Ashenzari
Cheibriados
Dithmenos
Elyvilon
Fedhas
Gozag
Hepliaklqana
Kikubaaqudgha
Makhleb
Nemelex Xobeh
Okawaru
Qazlal
Ru
Sif Muna
Trog
Uskayaw
Vehumet
Wu Jian
Xom
Yredelemnul
Zin
The Shining One
Lugonu

Shops:
D:1 *   D:9 !:[[[(   Orc:2 :[*=*   Elf:2 =[   Snake:4 ::=   Vaults:2 *
Vaults:3 (   Depths:3 *[=   Depths:4 (

Portals:
Hell: Depths:1 Depths:2 Depths:3 Depths:4
Abyss: Orc:2 Lair:5 Depths:2 Depths:3
Pandemonium: Depths:2 Depths:3
Ziggurat: Depths:3

Annotations:
D:13 exclusion: ice statue
Lair:1 exclusion: oklob plant
Snake:3 1 runed translucent door, JakeJacob's ghost, adept MiBe
Snake:4 Vashnia
Orc:2 2 transporters, Stellion's ghost, journeyman MiFi
Crypt:1 1 runed translucent door, Zivuv's ghost, veteran FoFi


Innate Abilities, Weirdness & Mutations

You are very small and have problems with some larger weapons.
You are too small for most types of armour.
You have supernaturally acute eyesight. (SInv)
You cover ground extremely quickly. (Speed+++)
You have large cloven feet.
Armour fits poorly on your strangely shaped body.


Message History

You start resting.
Your spellforged servitor disappears in a puff of smoke!
Magic restored.
You start resting.
A tarantella zombie comes into view.
The tarantella zombie evades a web.
The tarantella zombie is caught in a web!
Casting: Iron Shot (dangerous; 2% risk of failure)
Confirm with . or Enter, or press ? or * to list all spells.
Your hands begin to glow red.
The tarantella zombie struggles to get unstuck from the web.
The tarantella zombie pulls away from the web.
The tarantella zombie misses you.
You hit the tarantella zombie but do no damage.
You kick the tarantella zombie.
The tarantella zombie is lightly damaged.
Your shadow hits the tarantella zombie with a short sword.
The tarantella zombie completely misses you.
You hit the tarantella zombie but do no damage.
The tarantella zombie appears confused.
You kick the tarantella zombie, but do no damage.
The tarantella zombie is lightly damaged.
Your shadow hits the tarantella zombie with a short sword.
You catch the helpless tarantella zombie completely off-guard!
You stick the tarantella zombie like a pincushion!!!
You destroy the tarantella zombie!
Dithmenos accepts your kill.
No target in view!
No target in view!
You start resting.
Magic restored.
You start resting.
HP restored.
Unknown command.
Save game and exit?
Level annotation: 1 runed translucent door, Zivuv's ghost, veteran FoFi Welcome back, rubashov the Spriggan Enchanter.
Dithmenos says: Spread the eternal night.
Press ? for a list of commands and other information.
Are you sure you want to abandon this character and quit the game? (Confirm with "yes".)

..######'''###
...W. ## #^.^#
.... ##...##
###8..^8###
#8..^...^8#
##^^.....^.##
#8..⌠...⌠..8#
#...........#
#⌠.....@...⌠#
#.....<...^.#
#8..⌠...⌠..8#
##.^......^##
#8..^.^^.8#
###8^⌠.8###
#######


There were no monsters in sight!

Vanquished Creatures
  Mennas (Depths:4)
  2 juggernauts
  The ghost of Mycling the Warrior, a veteran DsFi of Okawaru (Vaults:4)
  Bai Suzhen (Depths:1)
  Vv (Depths:3)
  Margery (Depths:3)
  Saint Roka (Elf:2)
  3 golden dragons
  Jory (Vaults:4)
  Jorgrun (Orc:1)
  2 tentacled monstrosities
  2 Ice Fiends (IceCv)
  5 deep elf blademasters
  3 liches
  A deep elf master archer (Elf:3)
  5 titans
  A quicksilver dragon (Depths:2)
  A walking frostbound tome (Depths:4)
  3 sphinxes
  An ancient champion (Crypt:1)
  2 thorn hunters (Swamp:4)
  11 tengu reavers
  3 storm dragons
  A fenstrider witch (Swamp:4)
  Donald (Vaults:1)
  A shadow dragon (Vaults:5)
  7 nagarajas
  A draconian monk (Depths:4)
  13 fire giants
  6 deep elf sorcerers
  The ghost of Xusyipar the Brawler, a journeyman DrTm of Wu Jian (D:14)
  10 frost giants
  2 orc warlords
  An imperial myrmidon (Desolation)
  A caustic shrike zombie (Depths:1)
  Aizul (Snake:3)
  14 vault wardens
  2 curse skulls
  3 war gargoyles
  Louise (Swamp:4)
  2 spriggan defenders (Depths:2)
  4 deep elf elementalists
  A quicksilver ooze (shapeshifter) (Depths:2)
  16 very ugly things
  14 ironbound preservers
  22 stone giants
  4 deep elf demonologists
  4 ironbound thunderhulks
  2 vampire knights
  2 eleionomae
  An entropy weaver (Vaults:5)
  11 deep elf annihilators
  A dire elephant (Abyss:3)
  9 bunyips
  2 halazid warlocks (Desolation)
  A white draconian (Depths:4)
  7 spark wasps
  2 red draconians (Depths:4)
  A minotaur (Gauntlet)
  9 deep elf death magi
  22 ettins
  Snorg (Lair:4)
  2 crystal guardians
  8 fire dragons
  A merfolk javelineer (Depths:2)
  5 jiangshi
  14 yaktaur captains
  11 ragged hierophants (Desolation)
  Josephine (D:12)
  7 shambling mangroves
  6 rakshasas
  6 servants of whispers (Desolation)
  5 great orbs of eyes
  9 vault guards
  A hydra (shapeshifter) (Depths:2)
  2 boulder beetles
  9 deep elf high priests
  24 hydras
  A hell beast (Depths:3)
  9 peacekeepers
  A spriggan zombie (D:15)
  2 ghost crabs
  A salamander tyrant (Snake:3)
  7 spriggan air magi
  A caustic shrike simulacrum (IceCv)
  5 two-headed ogres
  10 ice dragons
  7 centaur warriors
  11 ironbound frosthearts
  19 anacondas
  15 naga warriors
  2 ogre magi
  A satyr (Abyss:3)
  6 tengu warriors
  An alligator (Swamp:1)
  7 deep troll shamans
  3 thrashing horrors (Lair:5)
  26 dancing weapons
  7 deep troll earth magi
  An orc high priest (Orc:2)
  3 spriggan berserkers
  3 vampire magi
  13 naga sharpshooters
  2 soul eaters (Depths:2)
  21 deep elf knights
  2 shock serpents
  A storm dragon zombie (Depths:2)
  7 iron trolls
  2 skeletal warriors (D:15)
  4 hell knights
  A sixfirhy (Depths:2)
  4 spriggan druids (Swamp:4)
  A golden dragon zombie (Depths:2)
  8 goliath frogs
  47 deep trolls
  2 spark wasp zombies (Depths:2)
  A death drake (shapeshifter) (Depths:4)
  4 glowing orange brains
  3 flayed ghosts
  13 deep elf archers
  9 naga ritualists
  An iron giant skeleton (Crypt:1)
  9 bog bodies
  7 phantasmal warriors
  Pikel (D:7)
  12 swamp dragons
  10 harpies
  10 wizards
  A spriggan simulacrum (IceCv)
  26 ironbound convokers
  An obsidian statue (IceCv)
  5 necromancers
  13 lindwurms
  12 mana vipers
  31 deep elf zephyrmancers
  5 orc knights
  34 deep elf pyromancers
  5 orc sorcerers
  A tengu skeleton (Vaults:5)
  5 will-o-the-wisps
  33 ugly things
  11 salamanders
  A moth of wrath (shapeshifter) (Vaults:5)
  A salamander (shapeshifter) (Elf:1)
  2 frost giant skeletons
  An iron dragon skeleton (D:15)
  2 cyclopes
  5 guardian serpents
  2 worldbinders (Abyss:3)
  2 stone giant skeletons
  4 manticores
  38 black mambas
  A water nymph (Abyss:3)
  A rust devil (Depths:3)
  15 vault sentinels
  2 molten gargoyles (Desolation)
  13 elephants
  A torpor snail (Lair:5)
  A titan simulacrum (Depths:2)
  9 cane toads
  A smoke demon (Depths:2)
  A gargoyle (D:13)
  An eye of devastation (shapeshifter) (Vaults:3)
  11 naga magi
  An unseen horror (D:11)
  35 yaktaurs
  A kobold demonologist (D:11)
  A hellion (Depths:2)
  13 freezing wraiths
  8 tengu conjurers
  2 anaconda simulacra (IceCv)
  6 ice devils (IceCv)
  An iron troll zombie (Crypt:1)
  6 komodo dragons
  8 trolls
  2 spriggan skeletons
  2 polar bears
  An ancient zyme (Lair:5)
  20 hornets
  27 slime creatures
  3 bloated husks
  A troll (shapeshifter) (Elf:3)
  10 tyrant leeches
  63 saltlings (Desolation)
  A tarantella (shapeshifter) (D:13)
  A stone giant simulacrum (Depths:1)
  A tarantella zombie (Crypt:1)
  27 blink frogs
  A raiju (shapeshifter) (D:14)
  4 dream sheep (Lair:5)
  7 wraiths
  3 air elementals
  A jumping spider (shapeshifter) (Depths:2)
  7 spriggans
  2 ynoxinuls (Lair:5)
  Sigmund (D:6)
  A centaur simulacrum (D:15)
  68 yaks
  12 water elementals
  A shadow (D:11)
  6 wyverns
  A human (shapeshifter) (Lair:5)
  4 vampires (D:14)
  2 fire elementals (Elf:1)
  A dire elephant simulacrum (IceCv)
  10 basilisks
  Eustachio (D:6)
  2 golden eyes (shapeshifter)
  3 neqoxecs (Depths:3)
  3 steam dragons
  A large abomination (Lair:5)
  4 minotaur simulacra (IceCv)
  4 vampire mosquitoes
  2 chaos spawn (Lair:5)
  A naga (shapeshifter) (Depths:4)
  21 nagas
  2 wargs (Orc:2)
  Edmund (D:4)
  11 swamp worms
  An acid dragon (D:9)
  A hydra simulacrum (IceCv)
  3 floating eyes
  20 water moccasins
  A human skeleton (D:15)
  13 small abominations
  19 orc warriors
  3 sky beasts
  12 swamp drakes
  3 black bears
  9 ogres
  3 centaurs
  An ettin simulacrum (IceCv)
  13 wolves
  2 kobold brigands
  15 bullfrogs
  4 scorpions
  A necrophage (D:5)
  A gnoll sergeant (D:9)
  An earth elemental (Elf:3)
  A deep troll simulacrum (IceCv)
  5 wights (D:9)
  A hornet simulacrum (D:14)
  A lindwurm simulacrum (IceCv)
  2 nameless horrors
  An electric eel (Lair:2)
  2 hounds
  3 jellies
  Crazy Yiuf (D:6)
  14 orc priests
  Ijyb (D:4)
  An iguana (D:6)
  22 orc wizards
  7 gnolls
  8 adders
  A white imp (D:7)
  An ufetubus (D:4)
  A worm (D:3)
  2 dart slugs (D:2)
  57 orcs
  A bat (shapeshifter) (Elf:3)
  4 endoplasms
  5 giant cockroaches
  6 goblins
  6 hobgoblins
  3 quokkas
  5 ball pythons
  3 bats
  3 frilled lizards
  14 kobolds
  An orc skeleton (Crypt:1)
  5 rats
  A briar patch (Swamp:4)
1754 creatures vanquished.

Vanquished Creatures (collateral kills)
  A dread lich (Vaults:5)
  2 golden dragons
  A lich (Depths:2)
  A walking frostbound tome (Depths:2)
  2 titans (Depths:3)
  A quicksilver dragon (Depths:3)
  A walking earthen tome (Depths:3)
  Gastronok (D:11)
  A tengu reaver (Depths:3)
  A nagaraja (Snake:4)
  A fire giant (Vaults:3)
  2 frost giants (Depths:3)
  An iron dragon (Depths:3)
  A deep elf sorcerer (Abyss:3)
  2 vault wardens
  A spriggan defender (Depths:3)
  2 ghouls (Crypt:1)
  A draconian annihilator (Depths:4)
  2 ironbound preservers (Vaults:3)
  A war gargoyle (Vaults:5)
  3 very ugly things
  A black draconian (Depths:4)
  2 ironbound thunderhulks
  A yellow draconian (Depths:4)
  A vampire knight (Depths:3)
  A deep elf annihilator (Vaults:5)
  A dire elephant (Abyss:3)
  A deep elf death mage (Vaults:5)
  5 yaktaur captains
  2 ettins
  3 hydras
  An ice dragon (Depths:2)
  2 deep elf high priests (Vaults:5)
  A peacekeeper (Vaults:3)
  A rakshasa (Depths:3)
  26 vault guards
  An anaconda (Snake:4)
  4 naga warriors
  A death knight (Crypt:1)
  3 dancing weapons
  3 deep troll shamans
  A two-headed ogre (Vaults:4)
  A spriggan berserker (Depths:3)
  7 deep troll earth magi
  A deep elf knight (Elf:1)
  An orc high priest (Vaults:4)
  2 hell knights (Depths:3)
  A skeletal warrior (Crypt:1)
  2 iron trolls
  A glowing orange brain (Depths:3)
  3 naga ritualists
  A large abomination (Lair:5)
  17 deep trolls
  2 orc knights (Vaults:4)
  2 necromancers
  A phantasmal warrior (Vaults:5)
  3 deep elf pyromancers
  A deep elf archer (Elf:3)
  An ironbound convoker (Vaults:4)
  4 deep elf zephyrmancers
  6 ugly things
  3 mana vipers (Snake:4)
  A will-o-the-wisp (Swamp:3)
  3 salamanders
  12 slime creatures
  An orc sorcerer (Orc:2)
  3 vault sentinels
  4 black mambas
  5 naga magi
  A rust devil (Depths:3)
  3 guardian serpents
  An orange demon (Depths:3)
  10 yaktaurs
  2 ancient zymes (Lair:5)
  A tengu conjurer (Depths:2)
  A red devil (Depths:3)
  An ice devil (Depths:3)
  8 saltlings (Desolation)
  2 hornets
  2 water elementals
  2 spriggans
  A wraith (D:12)
  4 fire elementals
  A chaos spawn (Lair:5)
  A yaktaur simulacrum (Vaults:5)
  A human zombie (Vaults:5)
  14 nagas
  A water moccasin (Lair:3)
  A floating eye (shapeshifter) (Depths:3)
  A lindwurm zombie (Crypt:1)
  10 orc warriors
  A centaur (D:10)
  A phantom (D:5)
  A necrophage (D:5)
  2 earth elementals (Elf:2)
  9 orc priests
  An orc wizard (Elf:2)
  2 orcs
266 creatures vanquished.

Vanquished Creatures (others)
  A sphinx (Depths:3)
  2 tengu reavers (Depths:3)
  A frost giant (Depths:3)
  2 fire giants (Depths:3)
  A ghoul (Crypt:1)
  An orc warlord (Vaults:4)
  A stone giant (Depths:2)
  An ironbound thunderhulk (Vaults:4)
  An ettin (Depths:2)
  A fire dragon (Depths:3)
  2 ice dragons
  A vault guard (Vaults:5)
  A centaur warrior (Vaults:1)
  A deep troll shaman (Depths:4)
  A deep troll earth mage (Depths:3)
  A tengu warrior (Depths:2)
  2 hell knights (Depths:3)
  An iron troll (Depths:1)
  2 deep trolls
  2 deep elf pyromancers (Elf:2)
  2 orc knights (Vaults:4)
  An ironbound convoker (Vaults:3)
  An ugly thing (Vaults:4)
  A water nymph (Abyss:3)
  A yaktaur (Vaults:3)
  A tengu conjurer (Depths:2)
  3 freezing wraiths (Crypt:1)
  2 slime creatures (Vaults:3)
  A hornet (Abyss:3)
  A dancing weapon (Snake:3)
  2 briar patches (Swamp:4)
  A bush (Lair:1)
  4 demonic plants (Gauntlet)
  8 foxfires
  46 fungi
  157 plants
  3 withered plants (Desolation)
261 creatures vanquished.

Grand Total: 2281 creatures vanquished

Notes
Turn   | Place    | Note
-------+----------+-------------------------------------------
     0 | D:1      | rubashov the Spriggan Enchanter began the quest for the
                  | Orb.
     0 | D:1      | Reached XP level 1. HP: 9/9 MP: 5/5
   285 | D:1      | Reached XP level 2. HP: 13/13 MP: 6/6
   288 | D:1      | Learned a level 2 spell: Ensorcelled Hibernation
   609 | D:1      | Found Xufiloopp's General Store.
   819 | D:1      | Reached skill level 5 in Stealth
   965 | D:1      | Found a faded altar of an unknown god.
  1170 | D:1      | Bought a potion of curing for 36 gold pieces
  1387 | D:2      | Reached XP level 3. HP: 16/16 MP: 2/8
  1397 | D:2      | Learned a level 3 spell: Confusing Touch
  2687 | D:3      | Reached XP level 4. HP: 21/21 MP: 0/9
  2691 | D:3      | Learned a level 3 spell: Call Canine Familiar
  3487 | D:4      | Noticed Edmund
  3507 | D:4      | Noticed a steam dragon
  3649 | D:4      | Reached skill level 1 in Ice Magic
  3672 | D:4      | Reached XP level 5. HP: 24/24 MP: 1/11
  3780 | D:4      | Noticed Ijyb
  3841 | D:4      | Killed Ijyb
  3843 | D:4      | Killed a steam dragon
  3844 | D:4      | Reached skill level 5 in Hexes
  3844 | D:4      | Reached skill level 1 in Summonings
  3844 | D:4      | Reached XP level 6. HP: 28/28 MP: 7/13
  3852 | D:4      | Upgraded the game from 0.29-a0-1043-g569b05d6ff to
                  | 0.29-a0-1047-g7c58e119a4
  3891 | D:4      | Killed Edmund
  4369 | D:4      | Reached XP level 7. HP: 19/32 MP: 5/14
  4434 | D:4      | Learned a level 3 spell: Tukima's Dance
  4648 | D:5      | Entered Level 5 of the Dungeon
  4973 | D:5      | Reached skill level 1 in Maces & Flails
  5129 | D:5      | Reached XP level 8. HP: 37/37 MP: 15/15
  5582 | D:5      | Reached skill level 1 in Fighting
  5856 | D:6      | Noticed Sigmund
  5869 | D:6      | Killed Sigmund
  5870 | D:6      | Reached skill level 5 in Short Blades
  5870 | D:6      | Reached skill level 5 in Dodging
  5982 | D:6      | Found a staircase to the Ecumenical Temple.
  5987 | D:6      | Noticed Eustachio
  6031 | Temple   | Entered the Ecumenical Temple
  6031 | Temple   | Found a transporter.
  6031 | Temple   | Found a transporter.
  6033 | Temple   | Found a transporter.
  6033 | Temple   | Found a transporter.
  6058 | Temple   | Became a worshipper of Dithmenos the Shadowed
  6087 | D:6      | Killed Eustachio
  6344 | D:6      | Found a hide-covered altar of Uskayaw.
  6356 | D:6      | Found a basalt altar of Yredelemnul.
  6608 | D:6      | Found a runed translucent door.
  6609 | D:6      | Noticed Crazy Yiuf
  6626 | D:6      | Killed Crazy Yiuf
  6727 | D:6      | Reached XP level 9. HP: 44/44 MP: 7/16
  6942 | D:7      | Learned a level 4 spell: Summon Lightning Spire
  7315 | D:7      | Reached * piety under Dithmenos
  7320 | D:7      | Reached skill level 1 in Evocations
  7540 | D:7      | Noticed Pikel
  7608 | D:7      | Reached skill level 1 in Air Magic
  7741 | D:7      | Killed Pikel
  7742 | D:7      | Reached skill level 5 in Spellcasting
  7787 | D:7      | Found a white marble altar of Elyvilon.
  7856 | D:8      | Found an ancient bone altar of Kikubaaqudgha.
  8172 | D:8      | Reached skill level 5 in Summonings
  8228 | D:8      | Reached XP level 10. HP: 49/49 MP: 15/20
  8439 | D:9      | Found Vuurriut's Antique Armour Emporium.
  8469 | D:9      | Found Xyil's Antique Weapon Boutique.
  8699 | D:9      | Noticed a two-headed ogre
  8723 | D:9      | Killed a two-headed ogre
  8724 | D:9      | Reached skill level 5 in Air Magic
  8883 | D:9      | Found an ornate altar of the Wu Jian Council.
  8949 | D:9      | Identified the +2 sling "Nugimmey" {vorpal, rF+ rN+ MP+9
                  | Int+3}
  9199 | D:9      | Found Duekax's Armour Boutique.
  9199 | D:9      | Found a staircase to the Orcish Mines.
  9200 | D:9      | Reached ** piety under Dithmenos
  9331 | D:9      | Found Etyg's Book Shoppe.
  9407 | D:9      | Found Rouxtomna's Distillery.
  9771 | D:9      | Found Getuagor's Antique Armour Emporium.
 10042 | D:10     | Entered Level 10 of the Dungeon
 10061 | D:10     | Found an iron altar of Okawaru.
 10211 | D:10     | Reached skill level 10 in Stealth
 10303 | D:10     | Found a sacrificial altar of Ru.
 10311 | D:10     | Reached skill level 1 in Invocations
 10401 | D:10     | Reached XP level 11. HP: 54/54 MP: 18/21
 10456 | D:10     | Found a staircase to the Lair.
 10893 | Lair:1   | Entered Level 1 of the Lair of Beasts
 10928 | Lair:1   | Reached skill level 5 in Fighting
 11136 | Lair:1   | Reached *** piety under Dithmenos
 11930 | Lair:1   | Learned a level 4 spell: Airstrike
 11951 | Lair:1   | Reached skill level 5 in Invocations
 12334 | Lair:1   | Noticed an oklob plant
 12861 | Lair:2   | Found a staircase to the Swamp.
 12870 | Lair:2   | Identified a scroll of acquirement
 12870 | Lair:2   | Acquired 831 gold pieces
 12903 | Lair:2   | Noticed an eight-headed hydra
 13213 | Lair:2   | Noticed a five-headed hydra
 13533 | Lair:2   | Reached XP level 12. HP: 60/60 MP: 21/25
 14027 | Lair:2   | Killed an eight-headed hydra
 14168 | Lair:2   | Killed a five-headed hydra
 14561 | Lair:3   | Reached **** piety under Dithmenos
 14706 | Lair:3   | Reached skill level 5 in Evocations
 15519 | Lair:3   | Found a staircase to the Snake Pit.
 15793 | Lair:4   | Noticed Snorg
 15796 | Lair:4   | Killed Snorg
 16017 | Lair:4   | Found a staircase to the Slime Pits.
 16195 | Lair:4   | Noticed an eight-headed hydra
 16987 | Lair:4   | Killed an eight-headed hydra
 16988 | Lair:4   | Reached skill level 10 in Dodging
 17168 | Lair:4   | Reached skill level 10 in Short Blades
 17298 | Lair:4   | Reached XP level 13. HP: 49/65 MP: 22/26
 17882 | Lair:5   | Entered Level 5 of the Lair of Beasts
 17936 | Lair:5   | Found a gate leading to a gauntlet.
 17961 | Gauntlet | Entered a Gauntlet
 17961 | Gauntlet | Found a runed translucent door.
 17961 | Gauntlet | Found a transporter.
 17961 | Gauntlet | Found a runed translucent door.
 17961 | Gauntlet | Found a transporter.
 17969 | Gauntlet | Found a transporter.
 17973 | Gauntlet | Found a transporter.
 17981 | Gauntlet | Found a transporter.
 17985 | Gauntlet | Found a transporter.
 17995 | Gauntlet | Found a transporter.
 18058 | Gauntlet | Found a transporter.
 18062 | Gauntlet | Found a transporter.
 18074 | Gauntlet | Found a transporter.
 18078 | Gauntlet | Found a transporter.
 18081 | Gauntlet | Noticed a quicksilver ooze
 18082 | Gauntlet | Found a transporter.
 18188 | Gauntlet | Reached ***** piety under Dithmenos
 18239 | Gauntlet | Identified the ring "Eblarch" {Will+ MP+9}
 18311 | Gauntlet | Noticed a minotaur
 18316 | Gauntlet | Killed a minotaur
 18532 | Lair:5   | Reached skill level 1 in Armour
 20551 | Lair:5   | Identified the +2 robe of the Ladybird {Int+2}
 20961 | Lair:5   | Reached skill level 15 in Stealth
 21089 | Lair:5   | Identified the +7 morningstar of the Pill Bug {flame, rElec
                  | rF- Stlth+}
 21547 | Lair:5   | Reached skill level 10 in Spellcasting
 22520 | Lair:5   | Found a corrupted altar of Lugonu.
 22520 | Lair:5   | Found a one-way gate to the infinite horrors of the Abyss.
 22739 | D:11     | Reached XP level 14. HP: 70/70 MP: 29/29
 22918 | D:11     | Reached ****** piety under Dithmenos
 23187 | D:11     | Noticed Gastronok
 23329 | D:11     | Killed Gastronok
 23718 | D:12     | You fall into a shaft and drop 1 floor!
 24017 | D:12     | Noticed Josephine
 24053 | D:12     | Killed Josephine
 24758 | D:13     | Found a gate to the Vaults.
 26040 | D:14     | Found a runed translucent door.
 26100 | D:14     | Found a runed translucent door.
 26132 | D:14     | Noticed a fire giant
 26727 | D:15     | Entered Level 15 of the Dungeon
 26836 | D:15     | Reached skill level 10 in Invocations
 26895 | D:15     | Found a staircase to the Depths.
 27383 | Orc:1    | Entered Level 1 of the Orcish Mines
 27497 | Orc:1    | Noticed Jorgrun
 27524 | Orc:1    | Killed Jorgrun
 27635 | Orc:2    | Entered Level 2 of the Orcish Mines
 27868 | Orc:2    | Found a staircase to the Elven Halls.
 27919 | Orc:1    | Noticed an orc warlord
 28003 | Orc:2    | Found a transporter.
 28085 | Orc:2    | Found Muag's Book Boutique.
 28587 | Orc:2    | Found a transporter.
 28986 | Orc:2    | Found Wuunoy's Jewellery Shoppe.
 28986 | Orc:2    | Found Uciedwocix's Armour Emporium.
 28987 | Orc:2    | Found Cuf Bez's Assorted Antiques.
 28991 | Orc:2    | Found Rexofob's General Store.
 29004 | Orc:2    | Bought 2 scrolls of fear for 96 gold pieces
 29004 | Orc:2    | Bought a scroll of enchant weapon for 90 gold pieces
 29007 | Orc:2    | Bought a tubular silver ring for 160 gold pieces
 29009 | Orc:2    | Bought a +1 cloak of preservation for 198 gold pieces
 29021 | Orc:2    | Bought the ring "Goheji" {+Blink Fly rElec Str+2} for 725
                  | gold pieces
 29329 | Orc:2    | Killed an orc warlord
 29330 | Orc:2    | Reached XP level 15. HP: 77/77 MP: 30/30
 29402 | Orc:2    | Noticed Stellion's ghost (journeyman MiFi)
 30248 | D:9      | Bought a +0 buckler of reflection for 93 gold pieces
 30329 | Swamp:1  | Entered Level 1 of the Swamp
 30387 | Swamp:1  | Reached skill level 1 in Shields
 30879 | Swamp:1  | Acquired the amulet of Uqumok {Faith Dex+7}
 31592 | Snake:1  | Entered Level 1 of the Snake Pit
 31715 | Snake:1  | Reached skill level 5 in Shields
 34844 | Snake:2  | Noticed a nagaraja
 34900 | Snake:2  | Killed a nagaraja
 35054 | Snake:2  | Reached XP level 16. HP: 70/83 MP: 31/31
 35677 | Snake:2  | Upgraded the game from 0.29-a0-1047-g7c58e119a4 to
                  | 0.29-a0-1052-g6990b1bffc
 36619 | Snake:3  | Reached skill level 10 in Fighting
 36745 | Snake:3  | Noticed Aizul
 36766 | Snake:3  | Killed Aizul
 36926 | Snake:3  | Found a shimmering altar of Xom.
 36926 | Snake:3  | Noticed JakeJacob's ghost (adept MiBe)
 37728 | Snake:3  | Found a runed translucent door.
 37728 | Snake:3  | Found the +9 scales of the Dragon King {rPois rF+ rC+
                  | Will+}
 37730 | Snake:3  | Identified the +5 morningstar "Coudghiu" {chaos, rElec rC-
                  | Str+4 Int+2}
 38946 | Snake:3  | Learned a level 7 spell: Enfeeble
 38967 | Snake:4  | Entered Level 4 of the Snake Pit
 38988 | Snake:4  | Reached skill level 10 in Hexes
 39390 | Snake:4  | Found Ysiext's Jewellery Shoppe.
 39390 | Snake:4  | Found Wikiehappu's Book Boutique.
 39391 | Snake:4  | Found Ocruiboth's Book Boutique.
 39407 | Snake:4  | Bought a book of the Wilderness for 494 gold pieces
 39413 | Snake:4  | Learned a level 5 spell: Summon Mana Viper
 39417 | Snake:4  | Bought Cuthel's Catalogue of the Ensnaring Blaze for 798
                  | gold pieces
 39423 | Snake:4  | Learned a level 5 spell: Silence
 39425 | Snake:4  | Bought the ring of the Ancient Nightmares {*Corrode Fly rF+
                  | rN+ Str+4} for 731 gold pieces
 42093 | Snake:4  | Reached XP level 17. HP: 89/89 MP: 32/32
 42414 | Snake:4  | Noticed Vashnia
 42519 | Snake:4  | HP: 4/89 [naga sharpshooter/bolt (26)]
 44645 | Snake:4  | Reached skill level 15 in Hexes
 45663 | Snake:4  | Got a serpentine rune of Zot
 45977 | Elf:1    | Entered Level 1 of the Elven Halls
 47026 | Elf:1    | Got the Folio of Attacks
 47872 | Elf:2    | Found Hylug's Jewellery Shoppe.
 48080 | Elf:2    | Found Uskeinn's Armour Boutique.
 49460 | Elf:2    | Reached XP level 18. HP: 90/93 MP: 33/33
 49485 | Elf:2    | Found a runed translucent gate.
 49486 | Elf:2    | Found a runed translucent gate.
 49486 | Elf:2    | Found a runed translucent gate.
 50292 | Elf:2    | Noticed Saint Roka
 50326 | Elf:3    | Entered Level 3 of the Elven Halls
 53116 | Elf:2    | Killed Saint Roka
 53836 | Elf:2    | Reached skill level 15 in Dodging
 55038 | Elf:3    | Reached skill level 10 in Evocations
 55760 | Elf:3    | Identified the +0 trident "Keusan" {protect, Fly}
 56223 | Elf:3    | Identified the +2 chain mail of the Pink Corner {rN+
                  | Slay+2}
 56649 | Elf:3    | Identified the +1 robe of the Charming Gods {Harm}
 57700 | Elf:3    | Identified the amulet of the Coward {Reflect rN+ Str-3
                  | Int+3 SH+5}
 57744 | Elf:3    | Noticed an Ice Fiend
 57859 | Elf:3    | Identified the +6 chain mail of the Monk {rF- rCorr Int+3}
 58507 | Elf:3    | Identified the +3 robe of Watchfulness {rPois Int+7}
 59088 | Elf:3    | Found the +0 pair of fencer's gloves {Riposte Dex+3}
 59089 | Elf:3    | Found the +8 storm bow {elec, penet}
 59092 | Elf:3    | Reached XP level 19. HP: 94/102 MP: 34/34
 59166 | Elf:3    | Identified the ring "Emanauh" {rPois rC+ Str-5 Int+10 SInv}
 59266 | Elf:3    | Identified the +12 short sword of the Present {elec, Will+
                  | Str+2 Dex+2}
 59383 | Elf:3    | Got Uttutrei's Grimoire of the Snowflakes and the Welkin
 59513 | Elf:2    | Bought the ring of Vanity {rF++ rC+ Will- Dex+7} for 840
                  | gold pieces
 61498 | Swamp:4  | Entered Level 4 of the Swamp
 61570 | Swamp:4  | Found a frozen archway.
 61576 | IceCv    | Entered an ice cave
 61910 | IceCv    | Identified the +1 helmet of Jidgh {Contam rF+ Will+ SInv}
 63460 | Swamp:4  | Noticed Louise
 63736 | Swamp:4  | Killed Louise
 64867 | Swamp:4  | Got a decaying rune of Zot
 65898 | D:14     | Noticed Xusyipar's ghost (journeyman DrTm)
 66019 | D:14     | Killed Xusyipar's ghost
 66321 | D:14     | Reached XP level 20. HP: 107/107 MP: 39/39
 66764 | Vaults:1 | Entered Level 1 of the Vaults
 68142 | Vaults:1 | Noticed Donald
 68142 | Vaults:1 | Found the +2 hood of the Assassin {Detection Stab+ Stlth++}
 68207 | Vaults:1 | Reached skill level 5 in Armour
 68474 | Vaults:1 | Killed Donald
 69154 | Vaults:1 | Identified the +1 ring mail of the Barracuda {rN+++ Will+
                  | Str-2 Dex+2}
 70208 | Vaults:1 | Learned a level 1 spell: Apportation
 70463 | Vaults:2 | Reached skill level 1 in Translocations
 70478 | Vaults:2 | Acquired the +2 buckler "Aqax" {rF+ rC+}
 70585 | Vaults:2 | Found Subucora's General Store.
 70588 | Vaults:2 | Bought a potion of curing for 63 gold pieces
 70588 | Vaults:2 | Bought 2 potions of heal wounds for 210 gold pieces
 71214 | Vaults:2 | Found a staircase to the Crypt.
 72084 | Vaults:2 | Reached XP level 21. HP: 114/114 MP: 32/40
 72619 | Vaults:3 | Found Caudd's Antique Weapon Shoppe.
 72669 | Vaults:3 | Found a crumbling gateway.
 72693 | Desolati | Entered the Desolation of Salt
 72977 | Desolati | Identified the ring of the Barnacled Apricot {rF+ rC- Int-3
                  | Dex+7 Stlth+}
 73561 | Desolati | Identified the +0 mace of Tuthrotiy {vorpal, rC++ Will-
                  | Str+2 Stlth+}
 73790 | Desolati | Identified the ring of Toxiusuim {rElec rC- MP+9 Dex+2
                  | SInv}
 73795 | Desolati | Identified the ring "Birog" {Wiz rN+ Str+2 Int+3 Slay-5}
 73799 | Desolati | Upgraded the game from 0.29-a0-1052-g6990b1bffc to
                  | 0.29-a0-1065-g47a6bb87d6
 74140 | Desolati | Found the +6 arbalest "Damnation" {damnation}
 74566 | Desolati | Identified the ring of Dankoag {+Blink rPois Int+6 Dex+5
                  | Slay-3}
 75108 | Desolati | Identified the amulet of Pyromania {Acrobat Will- rCorr
                  | Int+3} (You found it in the Desolation of Salt)
 75410 | Desolati | Got Sif Muna's Reference Book on Incendiary Excavation
 75429 | Desolati | Learned a level 8 spell: Discord
 75540 | Desolati | Identified the +1 scale mail "Xeklipirr" {rF++ Stlth+}
 75838 | Desolati | Identified the +3 leather armour "Kaex" {rN+}
 77764 | Vaults:3 | Got the Grimoire of the Transforming Crypt
 77911 | Vaults:4 | Reached skill level 15 in Fighting
 77915 | Vaults:4 | Learned a level 3 spell: Dazzling Flash
 77925 | Vaults:4 | Reached skill level 1 in Conjurations
 77956 | Vaults:4 | Found a portal to a secret trove of treasure.
 78300 | Vaults:4 | Identified the +1 buckler of Ufaaciro {Regen+ rCorr Str+4
                  | Dex+3}
 78324 | Vaults:4 | Found a large runed translucent door.
 78551 | Vaults:4 | Found a large runed translucent door.
 78556 | Vaults:4 | Noticed Mycling's ghost (veteran DsFi)
 78571 | Vaults:4 | Killed Mycling's ghost
 78572 | Vaults:4 | Reached XP level 22. HP: 99/122 MP: 30/41
 78977 | Vaults:4 | Reached skill level 5 in Conjurations
 79013 | Vaults:4 | Noticed Jory
 80151 | Vaults:4 | Killed Jory
 80599 | Crypt:1  | Entered Level 1 of the Crypt
 80903 | Crypt:1  | Found a runed translucent door.
 80903 | Crypt:1  | Found a shimmering altar of Xom.
 80903 | Crypt:1  | Noticed Zivuv's ghost (veteran FoFi)
 81417 | Depths:1 | Entered Level 1 of the Depths
 81691 | Depths:1 | Found a gateway to Hell.
 82130 | Depths:1 | Noticed Bai Suzhen
 82134 | Depths:1 | Killed Bai Suzhen
 82136 | Depths:1 | Noticed a juggernaut
 82145 | Depths:1 | Killed a juggernaut
 82803 | Depths:1 | Found a blossoming altar of Fedhas.
 82978 | Depths:1 | Reached skill level 10 in Conjurations
 82982 | Depths:1 | Paralysed by a floating eye for 2 turns
 83305 | Depths:2 | Found a one-way gate leading to the halls of Pandemonium.
 83767 | Depths:2 | Found a gateway to a bazaar.
 83813 | Depths:2 | Acquired the amulet "Kuicoep" {Spirit rElec Str+7 Dex+4}
 83819 | Bazaar   | Entered a bazaar
 83831 | Bazaar   | Found Citurph's Antique Armour Emporium.
 83838 | Bazaar   | Found Duf Ojopn's Magic Scroll Boutique.
 83843 | Bazaar   | Found Henk's Jewellery Shoppe.
 83854 | Bazaar   | Found Gagrav's Jewellery Shop.
 83862 | Bazaar   | Bought the ring of Division {rPois rCorr Str+6 Stlth+} for
                  | 389 gold pieces
 84217 | Depths:2 | Reached skill level 15 in Spellcasting
 84438 | Depths:2 | Reached XP level 23. HP: 116/126 MP: 14/43
 85137 | Depths:2 | Identified the +8 falchion of the Lonely Mystics {flame,
                  | *Noise rElec rN+ Dex+2}
 85309 | Depths:2 | Noticed a juggernaut
 85964 | Depths:2 | Killed a juggernaut
 86154 | Depths:2 | Identified the +7 shortbow "Ganehifo" {speed, Str+5}
 86309 | Depths:2 | Learned a level 6 spell: Iron Shot
 86370 | Depths:3 | Found Guefatiy's Jewellery Emporium.
 86449 | Depths:3 | Found a one-way gateway to a ziggurat.
 86455 | Depths:3 | Noticed Vv
 86522 | Depths:3 | Reached skill level 1 in Earth Magic
 86530 | Depths:3 | Found a flickering gateway to a bazaar.
 86550 | Bazaar   | Entered a bazaar
 86550 | Bazaar   | Found Borghedum's Magic Scroll Shop.
 86550 | Bazaar   | Found Ozuiryu's Distillery.
 86649 | Bazaar   | Bought a scroll of magic mapping for 97 gold pieces
 86649 | Bazaar   | Bought a scroll of teleportation for 39 gold pieces
 86661 | Bazaar   | Found Ycaufamei's Jewellery Boutique.
 86685 | Bazaar   | Found Dasyxeurph's Jewellery Shop.
 86692 | Bazaar   | Found Tyfom's Antique Armour Emporium.
 86723 | Bazaar   | Bought 3 scrolls of summoning for 370 gold pieces
 86733 | Bazaar   | Bought a potion of heal wounds for 65 gold pieces
 86733 | Bazaar   | Bought a potion of haste for 130 gold pieces
 86982 | Depths:3 | Found Viefec's Antique Armour Shoppe.
 87054 | Depths:3 | Found Ugucek's Assorted Antiques.
 87186 | Depths:3 | Found a broken altar of Ashenzari.
 87299 | Depths:3 | Gained mutation: You occasionally shout uncontrollably at
                  | your foes. [a neqoxec]
 87303 | Depths:3 | Lost mutation: You occasionally shout uncontrollably at
                  | your foes. [potion of mutation]
 87303 | Depths:3 | Gained mutation: Armour fits poorly on your strangely
                  | shaped body. [potion of mutation]
 87303 | Depths:3 | Gained mutation: You have large cloven feet. [potion of
                  | mutation]
 87881 | Depths:3 | Killed Vv
 88153 | Depths:3 | Found a runed translucent door.
 88153 | Depths:3 | Noticed Margery
 88589 | Depths:3 | Killed Margery
 88652 | Depths:3 | Found a runed translucent door.
 88657 | Depths:3 | Reached skill level 5 in Earth Magic
 89261 | Depths:4 | Entered Level 4 of the Depths
 89699 | Depths:4 | Noticed Mennas
 89701 | Depths:4 | Killed Mennas
 89760 | Depths:4 | Reached XP level 24. HP: 133/133 MP: 36/43
 89767 | Depths:4 | Found Vovomy's Weapon Shoppe.
 90238 | Depths:4 | Reached skill level 10 in Earth Magic
 90583 | Depths:4 | Found a gate to the Realm of Zot.
 91207 | Depths:4 | Found a shimmering blue altar of Sif Muna.
 91726 | Depths:3 | Voluntarily entered the Abyss.
 92138 | Abyss:3  | Got an abyssal rune of Zot
 92289 | Depths:3 | Escaped the Abyss
 92571 | Vaults:4 | You showed the abyssal rune of Zot to enter a treasure
                  | trove
 92572 | Trove    | Entered a treasure trove
 92635 | Trove    | Got Sif Muna's Lectures on Heat and Striking
 92638 | Trove    | Got Seyhijahapn's Atlas of Transmutation and the Rocks
 92736 | Vaults:5 | Entered Level 5 of the Vaults
 92879 | Vaults:5 | Learned a level 7 spell: Spellforged Servitor
 93071 | Vaults:5 | Identified the ring "Dattihum" {SInv Stlth+}
 93083 | Vaults:5 | Got a silver rune of Zot
 93624 | Vaults:5 | Identified the +10 flail of Xawo {flame, *Slow rElec Str+6
                  | Int+3}
 93705 | Vaults:5 | Reached skill level 10 in Summonings
 94242 | Vaults:5 | Identified the +8 dagger "Ceasi" {vorpal, Str+7}
 94476 | Vaults:5 | Identified the +4 quarterstaff of Strategic Superiority
                  | {pain, rF+ Will+ Str+2}
 94513 | Vaults:5 | Noticed a dread lich
 94530 | Vaults:5 | Identified the +6 leather armour "Feohinoa" {-Tele Str+4
                  | Dex+2}
 94530 | Vaults:5 | Identified the ring "Deopleor" {rC+ MP+9 Str+5}
 94532 | Vaults:5 | Killed a dread lich
 95600 | Vaults:5 | Reached XP level 25. HP: 124/135 MP: 39/43
 95760 | Vaults:5 | Upgraded the game from 0.29-a0-1065-g47a6bb87d6 to
                  | 0.30-a0-6-g7c9e10e132
 96467 | Crypt:1  | Quit the game

Illustrated notes

Levels and vault maps discovered:
D:1:      dpeg_arrival_erosion, layout_loops_cross, serial_shops, shop,
          hellmonk_ecumenical_altar_zigzags
D:2:      layout_basic
D:3:      layout_loops_ring
D:4:      layout_basic, minmay_misc_feat_secret_circle,
          chequers_serial_rivers_micro_c, chequers_serial_rivers_large_a,
          uniq_edmund, uniq_ijyb
D:5:      layout_gridville
D:6:      layout_cave_pools, mainiacjoe_overflow_brackets,
          nicolae_uskayaw_murder_on_the_dancefloor, minmay_temple_entry_waves,
          minmay_stone_trees_small, uniq_crazy_yiuf_cottage, uniq_sigmund,
          uniq_eustachio
D:7:      layout_loops_ring, nicolae_elyvilon_peaceful_grove,
          roderic_st_hans_cross, uniq_pikel
D:8:      wander_river, layout_rooms, kiku_gazebo_pond_becter
D:9:      layout_rooms, nicolae_wu_jian_wuxing_cycle, orc_david_3, serial_shops,
          nicolae_stop_n_shop_1, nicolae_shop_stone, nicolae_shop_stone,
          nicolae_stop_n_shop_1, nicolae_square_shop
D:10:     layout_roguey, lemuel_round_altar, overflow_temple_1_default,
          minmay_lair_entry_grove
D:11:     layout_stronghold, uniq_gastronok
D:12:     layout_basic, uniq_josephine
D:13:     minmay_separated_statues, layout_cave_pools,
          lightli_vaults_fourway_checkpoint
D:14:     layout_stronghold, muffindrake_ghost_dual_entry, minmay_lindwurm_lava
D:15:     gammafunk_depths_entry_grave, layout_loops_cross,
          ebering_dispersal_statue_hall
Temple:   hellmonk_temple_divided_pantheon
Lair:1:   minmay_lair_oklob_tunnel, layout_loops_ring, grunt_megastairs_4,
          serial_bayou_shore_b, infiniplex_staircase_pool_2
Lair:2:   layout_loops_ring, swamp_mist_pool, lemuel_fruit_tree
Lair:3:   layout_roguey, minmay_snake_entry_spellcaster, lemuel_fruit_fields
Lair:4:   layout_regular_city, slime_entry_1, uniq_snorg
Lair:5:   hellmonk_lair_end_abyssal_woods, layout_hall_layers,
          gauntlet_entry_generic
Swamp:1:  layout_basic_swamp, evilmike_swamp_ruin_house_4
Swamp:2:  layout_falls_marsh, nicolae_swamp_dense_foliage
Swamp:3:  layout_basic_swamp, evilmike_swamp_ruin_house_5, swamp_pool1
Swamp:4:  swamp_basic_johnstein, layout_basic_swamp,
          portal_ice_cave_entry_horrid_things, swamp_pool4, uniq_louise
Snake:1:  layout_cave_pods, grunt_ministairs_15
Snake:2:  nicolae_snake_nest, layout_honeycomb
Snake:3:  layout_gridlike, ebering_ghost_xom, uniq_aizul
Snake:4:  grunt_snake_rune_serpentine_throne, layout_layer_cave,
          minmay_shop_grove
Orc:1:    layout_caves, uniq_jorgrun
Orc:2:    st_orc_mages, layout_caves, gammafunk_ghost_abyssal_escape,
          serial_shops, shop_statue
Elf:1:    nicolae_elf_arrival_fired_up, layout_geoelf_diagonals,
          minmay_elf_annihilation
Elf:2:    nicolae_elf_blades_crystal_corner, layout_gridlike, serial_shops,
          nicolae_shop_statue_plus, nicolae_square_shop, minivault_14,
          st_stairs_11, uniq_saint_roka
Elf:3:    minmay_elf_hall_spiked, layout_geoelf_octagon
Vaults:1: v_misc_3, vaults_room_glass_cross, ontoclasm_vaults_shuriken,
          v_rooms_5, v_alt_pattern_1, nicolae_vaults_network_square,
          vaults_standard_mumra_lines, hangedman_vaults_nails,
          nicolae_vaults_circle_grid_b, v_pattern_2, ontoclasm_vaults_bender,
          layout_vaults_omnibox, uniq_donald
Vaults:2: ontoclasm_vaults_claustrophobia, v_alt_pattern_1, v_misc_10,
          st_octagons_2, nicolae_vaults_specimen_jars, v_misc_11,
          nicolae_vaults_asterisk, nicolae_vaults_asterisk,
          grunt_vaults_hallway_short, layout_vaults_omnigrid, serial_shops,
          nicolae_shop_behind_doors, serial_glass
Vaults:3: portal_desolation_entry_ruin, vaults_room_door_ring,
          ontoclasm_vaults_fault, nicolae_vaults_octagons, grunt_vaults_funnel,
          vaults_room_grunt_arrival_ludios, v_misc_9, v_misc_2, v_misc_22,
          v_pattern_4, vaults_dpeg_ring, vaults_room_pools,
          layout_vaults_big_room, serial_shops, nicolae_shop_crystal
Vaults:4: ebering_ghost_disaster_area, nicolae_vaults_inception_scallops,
          ontoclasm_vaults_twist, grunt_vaults_hallway_short,
          vaults_standard_mumra_enter_the_diamond, nicolae_vaults_network_star,
          vaults_room_fancy_cross, v_misc_10, special_room_vaults
          [special_room_orc], nicolae_vaults_circle_grid_b,
          nicolae_vaults_asterisk, v_misc_11, v_misc_8,
          nicolae_vaults_little_squares_5, ontoclasm_vaults_decontamination,
          nicolae_vaults_little_squares_6, vaults_dpeg_encased_lava,
          layout_vaults_ring, nicolae_trove_entry_crystal, uniq_jory
Vaults:5: serial_shops
Crypt:1:  layout_rooms, special_room [special_room_morgue], ebering_ghost_xom,
          grunt_crypt_arrival_webbed
Depths:1: minmay_ornate_pinched, layout_gridlike, fedhas_altar_2,
          grunt_hell_entry_dis_mu, nicolae_lava_and_water, abandoned_shop,
          kennysheep_generic_room_15, uniq_bai_suzhen
Depths:2: nzn_winding_woodlands_huge [nzn_winding_woodlands_5x15_river_crossing,
          nzn_winding_woodlands_5x15_eye, nzn_winding_woodlands_5x15_parted,
          nzn_winding_woodlands_5x15_jagged,
          nzn_winding_woodlands_5x15_lazy_stream,
          nzn_winding_woodlands_5x15_crooked, nzn_winding_woodlands_5x15_twine,
          nzn_winding_woodlands_5x15_longhouse,
          nzn_winding_woodlands_5x15_pathside_ponds,
          nzn_winding_woodlands_5x15_zeroes,
          nzn_winding_woodlands_center_pierced_h,
          nzn_winding_woodlands_center_diamonds,
          nzn_winding_woodlands_15x15_five_gardens], layout_small_grid,
          minivault_14, rand_demon_pan_entry_4, hangedman_coc_ice_floe,
          serial_shops, statue_bzr, abyss_entry_small_statue_room
Depths:3: minmay_expanding_circles, layout_honeycomb, enter_ziggurat_a,
          abyss_entry, hell_entry, serial_shops, bzr_entry_safe,
          nicolae_shop_waterfront, kennysheep_little_box, nicolae_square_shop,
          grunt_pan_entry_sceptre, nicolae_ashenzari_panopticon,
          serial_bayou_shore_b, uniq_vv, uniq_margery
Depths:4: grunt_zot_entry_tricorne, layout_honeycomb, nrook_pool_corridor,
          hell_entry, serial_shops, nicolae_shop_bloodbath_and_beyond,
          lemuel_blue_sif_altar, serial_bayou_shore_a, uniq_mennas

Skill      XL: |  1  2  3  4  5  6  7  8  9 10 11 12 13 14 15 16 17 18 19 20 21 22 23 24 |
---------------+-------------------------------------------------------------------------+-----
Hexes          | 4 5 6 13 18 20 | 20.0
Stealth        | 5 8 10 12 15 16 18 20 | 20.3
Dodging        | 3 4 6 7 8 10 11 12 13 14 15 16 18 19 | 19.5
Spellcasting   | 3 4 6 8 10 14 15 | 15.0
Short Blades   | 2 3 4 6 8 10 11 12 | 12.0
Ice Magic      | 1 2 |  2.0
Summonings     | 1 2 4 5 6 11 | 11.0
Maces & Flails | 1 |  1.2
Fighting       | 3 4 5 6 8 10 12 13 15 16 | 16.7
Evocations     | 4 6 7 8 10 | 10.0
Air Magic      | 3 6 8 |  8.0
Invocations    | 1 5 6 7 11 12 13 14 | 14.0
Armour         | 2 4 6 |  6.0
Shields        | 6 8 |  8.0
Translocations | 2 |  2.0
Conjurations   | 4 10 12 | 12.0
Earth Magic    | 9 10 | 10.0

Action                   |  1- 3 |  4- 6 |  7- 9 | 10-12 | 13-15 | 16-18 | 19-21 | 22-24 | 25-27 || total
-------------------------+-------+-------+-------+-------+-------+-------+-------+-------+-------++-------
Melee: Dagger            |   124 |   122 |   165 |   413 |  1058 |  1151 |    40 |       |       ||  3073
       Punch             |     1 |     2 |     2 |     3 |     9 |       |       |       |       ||    17
       Short sword       |       |       |       |       |       |   103 |  1670 |  1093 |    30 ||  2896
       Kick              |       |       |       |       |       |       |       |   242 |    21 ||   263
Throw: Stone             |       |       |     2 |    17 |    36 |    48 |    40 |     3 |       ||   146
 Cast: Ensorcelled Hiber |    12 |    23 |    52 |   156 |   161 |    51 |    13 |       |       ||   468
       Confusing Touch   |       |       |     4 |    30 |    60 |    80 |   118 |    52 |     4 ||   348
       Call Canine Famil |       |       |     2 |     4 |       |       |       |       |       ||     6
       Summon Lightning  |       |       |       |    10 |    54 |    76 |     2 |       |       ||   142
       Airstrike         |       |       |       |     8 |    72 |   195 |     8 |     2 |       ||   285
       Tukima's Dance    |       |       |       |       |     1 |     4 |       |       |       ||     5
       Summon Mana Viper |       |       |       |       |       |    41 |    18 |     4 |       ||    63
       Silence           |       |       |       |       |       |    31 |     5 |     2 |       ||    38
       Enfeeble          |       |       |       |       |       |    10 |   124 |   150 |     2 ||   286
       Apportation       |       |       |       |       |       |       |     9 |       |       ||     9
       Discord           |       |       |       |       |       |       |    11 |    27 |       ||    38
       Spellforged Servi |       |       |       |       |       |       |       |     6 |     4 ||    10
       Iron Shot         |       |       |       |       |       |       |       |       |     4 ||     4
Invok: Shadow Step       |       |       |       |       |       |    10 |    17 |     8 |       ||    35
 Abil: Evoke Blink       |       |       |       |       |       |     5 |     1 |     1 |       ||     7
Evoke: Wand              |       |       |       |       |       |     1 |       |     4 |       ||     5
  Use: Scroll            |     5 |     4 |     8 |     8 |     7 |     5 |     6 |     8 |       ||    51
       Potion            |       |     2 |       |       |     5 |     1 |       |     2 |       ||    10
 Stab: Sleeping          |    21 |    15 |    42 |   109 |   167 |    88 |   167 |   138 |       ||   747
       Invisible         |       |     3 |       |       |     2 |     4 |   115 |   155 |       ||   279
       Confused          |       |       |     2 |    32 |    51 |    54 |   124 |    65 |     3 ||   331
       Distracted        |       |       |       |     6 |    27 |    33 |    27 |    21 |     1 ||   115
Armor: Robe              |     6 |     3 |    11 |       |    36 |    50 |    44 |    26 |     2 ||   178
       Skin              |       |    42 |       |       |       |       |       |       |       ||    42
       Steam dragon scal |       |       |       |    25 |     3 |       |       |       |       ||    28
Dodge: Dodged            |    70 |    76 |    70 |   219 |   556 |   592 |   957 |   461 |    28 ||  3029
Block: Buckler           |       |       |       |       |    28 |   223 |   476 |   245 |    13 ||   985
       Reflection        |       |       |       |       |     8 |    29 |    12 |       |       ||    49

Table legend: (Time is in decaauts)
 A = Elapsed time spent in this place.
 B = Non-inter-level travel time spent in this place.
 C = Inter-level travel time spent in this place.
 D = Time resting spent in this place.
 E = Time spent auto-exploring this place.
 F = Levels seen in this place.
 G = Mean time per level.
                   A        B        C        D        E       F      G
               +--------+--------+--------+--------+--------+-----+--------+
         Total |  75594 |  72349 |   3245 |  34696 |  13333 |  53 | 1426.3 |
       Dungeon |  12940 |  11864 |   1076 |   3880 |   3795 |  15 |  862.7 |
        Temple |     30 |     25 |      5 |      0 |      1 |   1 |   30.0 |
          Lair |   9122 |   8740 |    382 |   4419 |   1810 |   5 | 1824.4 |
         Swamp |   4487 |   4161 |    326 |   2020 |    812 |   4 | 1121.8 |
     Snake Pit |  11831 |  11476 |    355 |   7131 |   1054 |   4 | 2957.8 |
  Orcish Mines |   2097 |   1993 |    104 |    572 |    297 |   2 | 1048.5 |
   Elven Halls |  11240 |  10926 |    314 |   6014 |    654 |   3 | 3746.7 |
        Vaults |  10918 |  10452 |    466 |   4718 |   2515 |   5 | 2183.6 |
         Crypt |    594 |    594 |      0 |    452 |     17 |   1 |  594.0 |
        Depths |   7878 |   7665 |    213 |   3632 |   2031 |   4 | 1969.5 |
         Abyss |    349 |    349 |      0 |      0 |      0 |   3 |  116.3 |
        Bazaar |    211 |    211 |      0 |      0 |    148 |   2 |  105.5 |
         Trove |     60 |     60 |      0 |      0 |      0 |   1 |   60.0 |
      Ice Cave |    835 |    835 |      0 |    510 |     28 |   1 |  835.0 |
    Desolation |   2697 |   2697 |      0 |   1235 |    165 |   1 | 2697.0 |
      Gauntlet |    297 |    297 |      0 |    109 |      0 |   1 |  297.0 |
               +--------+--------+--------+--------+--------+-----+--------+

Top non-repeatable levels by time:
 Snake:4: 4874 daAuts
   Elf:2: 4850 daAuts
   Elf:3: 4403 daAuts
  Lair:5: 3175 daAuts
 Snake:1: 3000 daAuts
Desolation: 2697 daAuts
 Snake:3: 2616 daAuts
Vaults:1: 2583 daAuts
Vaults:2: 2432 daAuts
Vaults:5: 2406 daAuts
Depths:2: 2357 daAuts
Depths:3: 2161 daAuts
Depths:4: 1986 daAuts
   Elf:1: 1986 daAuts
Vaults:4: 1787 daAuts
